 Dungeon Crawl Stone Soup version 0.30-a0-913-g9934a0ce24 (webtiles) character file.

Game seed: 18334840170152043992

617 Pimp the Vexing (level 7, 0/51 HPs)
             Began as a Vampire Enchanter on Mar 19, 2023.
             Slain by a black bear (2 damage)
             ... on level 4 of the Dungeon.
             The game lasted 00:09:58 (3709 turns).

Pimp the Vexing (Vampire Enchanter)                 Turns: 3709, Time: 00:09:58

Health: 0/51       AC:  5    Str:  7    XL:     7   Next: 21%
Magic:  8/11       EV: 13    Int: 18    God:
Gold:   237        SH:  0    Dex: 16    Spells: 2/12 levels left

rFire   . . .      SeeInvis +    a - +1 dagger (heavy)
rCold   . . .      Faith    .    (no shield)
rNeg    . . .      Spirit   .    b - +0 robe
rPois   .          Reflect  .    (no helmet)
rElec   .          Rampage  .    e - scarf {repulsion}
rCorr   .                        m - +2 pair of gloves
Will    .....                    (no boots)
Stlth   +++                      (no amulet)
HPRegen 0.48/turn                (no ring)
MPRegen 0.12/turn                (no ring)

@: confusing by touch, about to teleport, healing quickly, repel missiles
A: alive, fangs 3, see invisible, vampiric 2
a: Exsanguinate


You were on level 4 of the Dungeon.
You visited 1 branch of the dungeon, and saw 4 of its levels.

You collected 237 gold pieces.

Inventory:

Hand Weapons
 a - a +1 heavy dagger (weapon)
 j - a +0 rapier
Armour
 b - a +0 robe (worn)
 c - a +0 kite shield
 e - a scarf of repulsion (worn)
 m - a +2 pair of gloves (worn)
Wands
 k - a wand of paralysis (7)
 n - a wand of flame (12) (quivered)
Scrolls
 f - 2 scrolls of teleportation
Potions
 d - 2 potions of lignification
 g - 2 potions of flight
 h - a potion of magic
 l - a potion of haste


   Skills:
 + Level 2.3 Fighting
 - Level 2.7 Short Blades
 - Level 3.3 Dodging
 - Level 6.0 Stealth
 - Level 3.0 Spellcasting
 - Level 6.3 Hexes
 * Level 3.4 Poison Magic


You had 2 spell levels left.
You knew the following spells:

 Your Spells              Type           Power      Damage    Failure   Level
a - Confusing Touch       Hex            25%        N/A       3%          3
b - Tukima's Dance        Hex            25%        N/A       3%          3
c - Olgreb's Toxic Radia  Pois           15%        N/A       36%         4

Your spell library contained the following spells:

 Spells                   Type           Power      Damage    Failure   Level
 Ensorcelled Hibernation  Hex/Ice        28%        N/A       7%          2
 Dazzling Flash           Conj/Hex       28%        N/A       14%         3
 Alistair's Intoxication  Tmut/Pois      6%         N/A       91%         5
 Borgnjor's Vile Clutch   Necr/Erth      1%         N/A       99%         5
 Eringya's Noxious Bog    Tmut/Pois      4%         N/A       100%        6
 Ozocubu's Refrigeration  Ice            1%         4d7       100%        7
 Ignition                 Fire           1%         3d3       100%        8


Dungeon Overview and Level Annotations

Branches:
Dungeon (4/15)
 Temple: D:4-7

Altars:
Dithmenos
Trog


Innate Abilities, Weirdness & Mutations

Your natural rate of healing is accelerated.
You have razor-sharp teeth.
You have supernaturally acute eyesight. (SInv)
You are afflicted with vampirism and can become a bat while bloodless.


Message History

The moth of wrath goads the black bear on!
The black bear goes berserk!
The black bear rages.
The black bear bites you. The black bear closely misses you.
The black bear claws you.
Casting: Confusing Touch (dangerous; 3% risk of failure)
Confirm with . or Enter, or press ? or * to list all spells.
Your hands begin to glow red.
The black bear bites you. The black bear claws you. The black bear misses you.
You hit the black bear but do no damage.
The black bear is lightly wounded.
The black bear barely misses you. The black bear claws you. x2
The black bear bites you! The black bear barely misses you.
The black bear closely misses you.
You barely miss the black bear.
The black bear is lightly wounded.
The black bear bites you. The black bear claws you.
* * * LOW HITPOINT WARNING * * *
The black bear barely misses you. The black bear bites you.
* * * LOW HITPOINT WARNING * * *
The black bear claws you.
* * * LOW HITPOINT WARNING * * *
The black bear claws you.
* * * LOW HITPOINT WARNING * * *
Okay, then.
As you read the scroll of teleportation, it crumbles to dust.
You feel strangely unstable. The black bear completely misses you.
The black bear barely misses you.
The black bear claws you but does no damage.
The black bear bites you.
* * * LOW HITPOINT WARNING * * *
The black bear claws you.
* * * LOW HITPOINT WARNING * * *
The black bear barely misses you.
The black bear rages.
The black bear bites you but does no damage.
The black bear closely misses you. x2
The black bear attacks as you move away!
The black bear misses you. The black bear claws you.
You die...

#.### ##...##########.##
#...# ##'## #.# ###.# #.#
#.# #.# #.# #.# #.# ##.##
#.# #.#########...## #.#
#..............# #######.#
##########....####.......#
#....@h...#######
###.#####w# #.#####'####
#.##.......## ##########
###.........## #........#
#...........# #.######.#
#....###.w..# ##.######.#
#...##y##...#
........#.#####....###....#


You could see a black bear (berserk) and a worm.

Vanquished Creatures
  A black bear (D:4)
  An ogre (D:4)
  A scorpion (D:4)
  Jessica (D:3)
  An iguana (D:4)
  4 orc wizards
  4 gnolls (D:2)
  8 adders
  3 worms
  5 dart slugs
  7 orcs
  4 ball pythons
  7 endoplasms
  3 giant cockroaches
  6 hobgoblins
  6 jackals
  2 quokkas
  7 bats
  2 frilled lizards
  8 goblins
  7 kobolds
  12 rats
100 creatures vanquished.

Vanquished Creatures (others)
  A kobold (D:4)
1 creature vanquished.

Grand Total: 101 creatures vanquished

Notes
Turn   | Place    | Note
-------+----------+-------------------------------------------
     0 | D:1      | Pimp the Vampire Enchanter began the quest for the Orb.
     0 | D:1      | Reached XP level 1. HP: 13/13 MP: 3/3
   110 | D:1      | Reached XP level 2. HP: 17/19 MP: 5/5
   554 | D:1      | Gained mutation: You are afflicted with vampirism and can
                  | become a bat while bloodless. [Vampire growth]
   554 | D:1      | Reached XP level 3. HP: 24/24 MP: 6/6
   661 | D:1      | Learned a level 3 spell: Confusing Touch
   665 | D:1      | Learned a level 3 spell: Tukima's Dance
   910 | D:2      | Reached skill level 5 in Stealth
   925 | D:2      | Reached skill level 5 in Hexes
  1089 | D:2      | Reached XP level 4. HP: 14/30 MP: 4/7
  1875 | D:3      | Reached XP level 5. HP: 35/35 MP: 9/9
  1944 | D:3      | Found a shadowy altar of Dithmenos.
  2092 | D:3      | Found a faded altar of an unknown god.
  2321 | D:3      | Noticed Jessica
  2331 | D:3      | Killed Jessica
  2516 | D:3      | Learned a level 4 spell: Olgreb's Toxic Radiance
  2519 | D:4      | Noticed an ogre
  2520 | D:4      | Killed an ogre
  2521 | D:4      | Reached skill level 1 in Fighting
  2521 | D:4      | Reached skill level 1 in Poison Magic
  2521 | D:4      | Reached XP level 6. HP: 43/43 MP: 10/10
  2714 | D:4      | Reached XP level 7. HP: 21/50 MP: 11/11
  2970 | D:4      | Noticed a moth of wrath
  2972 | D:4      | Found a bloodstained altar of Trog.
  3706 | D:4      | HP: 1/51 [black bear (3)]
  3709 | D:4      | Slain by a black bear

Illustrated notes

Levels and vault maps discovered:
D:1:      dpeg_arrival_prison, layout_basic, minmay_hexomino_p4
D:2:      layout_loops_cross, minmay_pentomino_pile
D:3:      layout_rooms, grunt_dithmenos_smoke, chequers_ecumenical_altar_grove,
          uniq_jessica
D:4:      layout_loops_corners, tgw_trog

Skill      XL: |  1  2  3  4  5  6 |
---------------+-------------------+-----
Stealth        | 5 6 |  6.0
Hexes          | 5 6 |  6.3
Short Blades   | 2 |  2.7
Dodging        | 3 |  3.3
Spellcasting   | 3 |  3.0
Fighting       | 1 2 |  2.3
Poison Magic   | 1 3 |  3.4

Action                     |  1- 3 |  4- 6 |  7- 9 || total
---------------------------+-------+-------+-------++-------
  Melee: Dagger            |   111 |   131 |    74 ||   316
         Bite              |     9 |    11 |     8 ||    28
         Punch             |       |     1 |     1 ||     2
   Cast: Confusing Touch   |     1 |     4 |     3 ||     8
         Tukima's Dance    |       |       |     4 ||     4
  Evoke: Wand              |       |       |     4 ||     4
    Use: Scroll            |    10 |     4 |     2 ||    16
         Potion            |     1 |     5 |       ||     6
   Stab: Sleeping          |     5 |    15 |     3 ||    23
         Distracted        |     1 |       |       ||     1
         Invisible         |       |     2 |       ||     2
         Confused          |       |       |     1 ||     1
 Armour: Robe              |    49 |    41 |    33 ||   123
  Dodge: Dodged            |   108 |   151 |    73 ||   332

Table legend: (Time is in decaauts)
 A = Elapsed time spent in this place.
 B = Non-inter-level travel time spent in this place.
 C = Inter-level travel time spent in this place.
 D = Time resting spent in this place.
 E = Time spent auto-exploring this place.
 F = Levels seen in this place.
 G = Mean time per level.
                   A        B        C        D        E       F      G
               +--------+--------+--------+--------+--------+-----+--------+
         Total |   3798 |   3709 |     89 |    500 |   2203 |   4 |  949.5 |
       Dungeon |   3798 |   3709 |     89 |    500 |   2203 |   4 |  949.5 |
               +--------+--------+--------+--------+--------+-----+--------+

Top non-repeatable levels by time:
     D:4: 1221 daAuts
     D:2: 1066 daAuts
     D:1: 880 daAuts
     D:3: 630 daAuts
